Unix NetHack Version 5.0.0-0 post-release - last build Jul 19 2026 19:10:59 (3aa4ab31751d3886436d94b585a96704892fd477,branch:main).

Game began 2026-07-26 16:13:16, ended 2026-07-26 17:06:38.

IanCurtis, chaotic male elven Wizard

                                --------   ----
                                |......-----..|
                                |...%.%@%..%..|
                                |.....O------^|
                                |......|    |^|
                                |----.------|^|
                                |.....|....||^|
                                |.`.`.|```.||^|
                                |..``......-|^|
                                |....---...>|<|
                                ------ --------

IanCurtis the Thaumaturge  St:9 Dx:14 Co:14 In:20 Wi:10 Ch:10  Chaotic
Dlvl:6  $:312 HP:0(44) Pw:47(52) AC:8  Xp:6 T:3013  Burdened

Latest messages:
 The rothe hits!
 The rothe bites!
 The rothe bites again!
 What do you want to drink? [ghrACDGHJKP or ?*] ?
 You feel better.
 Click!  The rothe triggers a rolling boulder trap.
 In what direction? h
 The spell hits the rothe!
 You kill the rothe!
 The spell hits the rothe!
 You kill the rothe!
 Welcome to experience level 6.
 There is a rolling boulder trap here.
 You escape a rolling boulder trap.
 You stop searching.
 You hit the kobold mummy!
 The kobold mummy hits!
 You hit the kobold mummy!
 The kobold mummy hits!
 The kobold mummy hits!
 You miss the kobold mummy.
 The kobold mummy hits!
 You destroy the kobold mummy!
 The rock mole picks up a mummy wrapping.
 You stop searching.
 You hit the rock mole!
 You hit the rock mole!
 You miss the rock mole.
 You hit the rock mole.
 The rock mole bites!
 In what direction? h
 The spell hits the rock mole!
 You kill the rock mole!
 A glass wand shatters into a thousand pieces!
 The spell hits the werejackal!
 You kill the werejackal!
 There is a rolling boulder trap here.
 You escape a rolling boulder trap.
 You see here a mummy wrapping.
 You see here a rothe corpse.
 You have a little trouble lifting y - a spellbook of light.
 The ogre swings her club.
 The ogre hits!
 The ogre swings her club.
 The ogre hits!
 You see here a mummy wrapping.
 The ogre swings her club.
 The ogre hits!
 You die...
 Do you want your possessions identified? [ynq] (y) q

Inventory:
 Coins    ('$')
  $ - 312 gold pieces
 Weapons  (')')
  a - a blessed +1 quarterstaff (weapon in hands)
 Armor    ('[')
  M - an uncursed +0 orcish helm (being worn)
  b - a blessed +0 cloak of magic resistance (being worn)
 Comestibles  ('%')
  T - 2 uncursed slime molds
  U - 4 uncursed food rations
 Scrolls  ('?')
  R - an uncursed scroll of amnesia
  w - an uncursed scroll of blank paper
  f - an uncursed scroll of destroy armor
  x - 2 uncursed scrolls of earth
  s - an uncursed scroll of enchant weapon
  j - 2 uncursed scrolls of identify
  i - an uncursed scroll of magic mapping
  z - an uncursed scroll of punishment
  I - an uncursed scroll of remove curse
  t - an uncursed scroll of scare monster
 Spellbooks  ('+')
  m - a blessed spellbook of confuse monster
  l - a blessed spellbook of force bolt
  y - an uncursed spellbook of light
 Potions  ('!')
  G - a cursed potion of enlightenment
  D - an uncursed potion of fruit juice
  r - a cursed potion of gain level
  C - a cursed potion of healing
  A - a blessed potion of levitation
  J - a cursed potion of oil
  K - an uncursed potion of polymorph
  H - an uncursed potion of restore ability
  P - an uncursed potion of sleeping
  h - an uncursed potion of speed
  g - 2 uncursed potions of water
 Rings    ('=')
  d - an uncursed ring of polymorph control
  q - an uncursed ring of stealth
  V - an uncursed ring of stealth
  e - an uncursed ring of teleportation
  B - a cursed ring of teleportation
 Wands    ('/')
  c - a wand of cold (0:8)
  u - a wand of cold (0:8)
 Tools    ('(')
  p - an uncursed tooled horn
  o - an uncursed blindfold
  k - an uncursed lock pick
  n - a magic marker (0:21)
  L - a blessed oil lamp
  v - an uncursed tin whistle

IanCurtis the Wizard's attributes:

Background:
 You were a Thaumaturge, a level 6 male elven Wizard.
 You were chaotic, on a mission for Anhur
 who was opposed by Ptah (lawful) and Thoth (neutral).
 You were right-handed.
 You were in Sokoban, on level 6.
 You entered the dungeon 3013 turns ago.
 You had 379 experience points, 261 more were needed to attain level 7.

Basics:
 You had 0 out of 44 hit points.
 You had 47 out of 52 energy points (spell power).
 Your armor class was 8.
 Your wallet contained 312 zorkmids.
 Autopickup was off.

Final Characteristics:
 Your strength was 9 (limit:18).
 Your dexterity was 14 (limit:18).
 Your constitution was 14 (limit:16).
 Your intelligence was 20 (limit:20).
 Your wisdom was 10 (limit:20).
 Your charisma was 10 (limit:18).

Final Status:
 You weren't hungry.
 You were burdened; movement was slightly slowed.
 You were wielding a quarterstaff.
 You had basic skill with quarterstaff.

Final Attributes:
 You were piously aligned.
 You were magic-protected.
 You were sleep resistant.
 You were poison resistant.
 You were telepathic.
 You had infravision.
 You were warded.
 You were unlucky.
 You are dead.

Miscellaneous:
 You didn't encounter any bones levels.
 Total elapsed playing time was 22 minutes and 4 seconds.

Major events:
 Turn
    1: IanCurtis the chaotic male elven Wizard entered the dungeon
 1234: attained the rank of Conjurer (level 3)
 2742: entered Sokoban
 2931: attained the rank of Thaumaturge (level 6)
 3013: killed by an ogre

Spells:
 Name                 Level Category     Fail Retention
 force bolt             1   attack         0%   81%-90%
 confuse monster        1   enchantment    0%   81%-90%

Skills:
 Fighting Skills
   bare handed combat [Unskilled]
   riding             [Unskilled]
 Weapon Skills
   dagger             [Unskilled]
   knife              [Unskilled]
   axe                [Unskilled]
   short sword        [Unskilled]
   club               [Unskilled]
   mace               [Unskilled]
   quarterstaff       [Basic]
   polearms           [Unskilled]
   spear              [Unskilled]
   trident            [Unskilled]
   sling              [Unskilled]
   dart               [Unskilled]
   shuriken           [Unskilled]
 Spellcasting Skills
   attack spells      [Basic]
   healing spells     [Unskilled]
   divination spells  [Unskilled]
   enchantment spells [Basic]
   clerical spells    [Unskilled]
   escape spells      [Unskilled]
   matter spells      [Unskilled]

Voluntary challenges:
 Character rerolling was not enabled.
 You were illiterate.
 You never genocided any monsters.
 You never polymorphed an object.
 You never changed form.
 You used no wishes.
 You did not violate any of the special Sokoban rules.
Achievements:
 You attained the rank of Conjurer.
 You entered a shop.
 You entered Sokoban.
 You attained the rank of Thaumaturge.

 The Dungeons of Doom: levels 1 to 7
    Level 1:
    Level 2:
       A fountain.
    Level 3:
    Level 4:
       A general store, a fountain.
    Level 5:
       A general store.
    Level 6:
       Many fountains.
    Level 7:
       A grave.
       Stairs up to Sokoban, level 6.
 Sokoban:
    Level 6: <- You were here.
       Unsolved.
       Final resting place for
          you, killed by an ogre.


Vanquished creatures:
  2 water nymphs
  2 mountain nymphs
 an orc shaman
  a rock mole
  2 gnome leaders
  4 kobold mummies
  a golden naga hatchling
  a giant ant
  a floating eye
  5 rothes
  2 rabid rats
  a giant bat
 an orc zombie
  2 wererats
  2 werejackals
 an acid blob
  2 coyotes
  a gas spore
  a large kobold
  a hobgoblin
  5 giant rats
  2 yellow molds
  2 red molds
  2 garter snakes
  a gnome zombie
  a gecko
  2 jackals
  a fox
  a kobold
  2 goblins
  4 sewer rats
  5 grid bugs
  a bat
  a lichen
  a kobold zombie
  4 newts
69 creatures vanquished.

No species were genocided or became extinct.

Game over:
                       ----------
                      /          \
                     /    REST    \
                    /      IN      \
                   /     PEACE      \
                  /                  \
                  |    IanCurtis     |
                  |      312 Au      |
                  |   killed by an   |
                  |       ogre       |
                  |                  |
                  |                  |
                  |       2026       |
                 *|     *  *  *      | *
        _________)/\\_//(\/(/\)/\//\/|_)_______

Goodbye IanCurtis the Wizard...

You died in Sokoban on dungeon level 6 with 2097 points,
and 312 pieces of gold, after 3013 moves.
You were level 6 with a maximum of 44 hit points when you died.

